Workbook
Name AMBIENTE: #REF!
Name Comercio_y_Servicios___43: #REF!
Name DIAGNOSTICO: #REF!
Name GENERAL: #REF!
Name NODO: #REF!
Name NUEVIKKKK: [1]!INDICE[AMBIENTE / AREA]
Name PRUEBA: [1]!INDICE[AMBIENTE / AREA]

Sheet LOTE 1 MATERIALES Y REACTIVOS
B3: HERRAMIENTA DE ANÁLISIS PARA EL MANEJO DE OFERTAS ARTIFICIALMENTE BAJAS EN PROCESOS DE CONTRATACIÓN
B5: Notas 1) La siguiente herramienta se configura cómo un mecanismo que coadyuve a las Entidades Estatales a realizar el ejercicio de revisión y análisis de las ofertas recibidas en los procesos de contratación, de conformidad con los lineamientos definidos en la "Guía para el manejo de ofertas artificialmente bajas en Procesos de Contratación", ANCP - CCE. 2) Es importante indicar que la herramienta se constituye como un insumo para realizar el ejercicio de análisis, sin embargo, es obligatorio reiterar que la Entidad se encuentra facultada y deberá realizar los análisis adicionales que considere necesarios de acuerdo con las particularidades del proceso de selección o determinar la metodología que considere con base en la que validarán los precios artificialmente bajos. Esto, en virtud del principio de autonomía de la voluntad que les otorga el ordenamiento jurídico. 3) Para su uso, deberán diligenciar las celdas de color azul. 4) La hoja "APAB_Resultados" se retroalimenta de manera automática con el diligenciamiento de la hoja "APAB_Informacion" 5) Si la Entidad tiene un mayor número de ofertas habilitadas en el proceso, se recomienda incluir filas adicionales en la hoja "APAB_Información" y ajustar las fórmulas en la hoja "APAB_Resultados".
B12: Presupuesto del proceso o sumatoria de precios unitarios (costo estimado del contrato): | G12: 31589829
B15: ¿El proceso de selección se adelanta bajo la modalidad de Subasta Inversa? | G15: NO
B17: OFERTAS RECIBIDAS
B19: No. | C19: Proponente | F19: Valor Total de la Oferta o Sumatoria de precios unitarios
B20: 1 | C20: Avántika Colombia SAS | F20: 19182562
B21: 2 | C21: Scientific Products SAS | F21: 21141839
B22: 3 | C22: ADEQUIM S.A.S | F22: 23023644
B23: 4 | C23: CIEDUTEC LTDA | F23: 23196351
B24: 5 | C24: AGROVET MEDICAL S.A.S | F24: 25603462
B25: 6 | C25: QUIMITRONICA SAS | F25: 26601736

Sheet LOTE 1- RESULTADO
B3: INFORMACIÓN SOPORTE PARA EL ANÁLISIS
B5: ¿El proceso de selección se adelanta bajo la modalidad de Subasta Inversa? | H5: =IF('LOTE 1 MATERIALES Y REACTIVOS'!$G$15="","",'LOTE 1 MATERIALES Y REACTIVOS'!$G$15) -> NO
B7: Cantidad de Ofertas Habilitadas | H7: =IF(H5="","",COUNTIF('LOTE 1 MATERIALES Y REACTIVOS'!B20:B69,">0")) -> 6
B9: Método de comparación a utilizar | H9: =IF(OR($H$7=0,$H$7=""),"",IF(AND(H5="NO",H7<5),"Absoluta",IF(AND(H5="SI",H7<5),"Absoluta",IF(AND(H5="SI",H7>=5),"Absoluta",IF(AND(H5="NO",H7>=5),"Relativa"))))) -> Relativa
B11: VARIABLES A UTILIZAR
B13: Mediana | H13: =IF($H$9="","",IFERROR(IF($H$9="Absoluta","No aplica",ROUND(MEDIAN('LOTE 1 MATERIALES Y REACTIVOS'!F20:H69),0)),"")) -> 23109998
B14: Desviación estandar | H14: =IF($H$9="","",IFERROR(IF($H$9="Absoluta","No aplica",ROUND(_xlfn.STDEV.P('LOTE 1 MATERIALES Y REACTIVOS'!F20:H69),0)),"")) -> 2507375
B15: Valor mínimo aceptable | H15: =IFERROR(IF($H$9="Absoluta","No aplica",ROUND(H13-H14,0)),"") -> 20602623
B17: Presupuesto del proceso o sumatoria de precios unitarios (costo estimado del contrato): | H17: 31589829
B20: OFERTAS RECIBIDAS
B22: No. | C22: Proponente | E22: Valor Total de la Oferta o Sumatoria de precios unitarios | H22: =+"% Diferencia de la oferta con respecto al "&IF($H$9="Absoluta","Costo Estimado del contrato","Valor mínimo aceptable") -> % Diferencia de la oferta con respecto al Valor mínimo aceptable
B23: =IF('LOTE 1 MATERIALES Y REACTIVOS'!B20="","",'LOTE 1 MATERIALES Y REACTIVOS'!B20) -> 1 | C23: =IF('LOTE 1 MATERIALES Y REACTIVOS'!C20="","",'LOTE 1 MATERIALES Y REACTIVOS'!C20) -> Avántika Colombia SAS | E23: 19182562 | H23: =IFERROR(IF($H$9="Absoluta",E23/$H$17-1,E23/$H$15-1),"") -> -0.068926224
B24: =IF('LOTE 1 MATERIALES Y REACTIVOS'!B21="","",'LOTE 1 MATERIALES Y REACTIVOS'!B21) -> 2 | C24: Scientific Products SAS | E24: 21141839 | H24: =IFERROR(IF($H$9="Absoluta",E24/$H$17-1,E24/$H$15-1),"") -> 0.026172186
B25: =IF('LOTE 1 MATERIALES Y REACTIVOS'!B22="","",'LOTE 1 MATERIALES Y REACTIVOS'!B22) -> 3 | C25: ADEQUIM S.A.S | E25: =IF('LOTE 1 MATERIALES Y REACTIVOS'!F22="","",'LOTE 1 MATERIALES Y REACTIVOS'!F22) -> 23023644 | H25: =IFERROR(IF($H$9="Absoluta",E25/$H$17-1,E25/$H$15-1),"") -> 0.11751033
B26: =IF('LOTE 1 MATERIALES Y REACTIVOS'!B23="","",'LOTE 1 MATERIALES Y REACTIVOS'!B23) -> 4 | C26: =IF('LOTE 1 MATERIALES Y REACTIVOS'!C23="","",'LOTE 1 MATERIALES Y REACTIVOS'!C23) -> CIEDUTEC LTDA | E26: =IF('LOTE 1 MATERIALES Y REACTIVOS'!F23="","",'LOTE 1 MATERIALES Y REACTIVOS'!F23) -> 23196351 | H26: =IFERROR(IF($H$9="Absoluta",E26/$H$17-1,E26/$H$15-1),"") -> 0.1258931
B27: =IF('LOTE 1 MATERIALES Y REACTIVOS'!B24="","",'LOTE 1 MATERIALES Y REACTIVOS'!B24) -> 5 | C27: =IF('LOTE 1 MATERIALES Y REACTIVOS'!C24="","",'LOTE 1 MATERIALES Y REACTIVOS'!C24) -> AGROVET MEDICAL S.A.S | E27: =IF('LOTE 1 MATERIALES Y REACTIVOS'!F24="","",'LOTE 1 MATERIALES Y REACTIVOS'!F24) -> 25603462 | H27: =IFERROR(IF($H$9="Absoluta",E27/$H$17-1,E27/$H$15-1),"") -> 0.24272827
B28: =IF('LOTE 1 MATERIALES Y REACTIVOS'!B25="","",'LOTE 1 MATERIALES Y REACTIVOS'!B25) -> 6 | C28: =IF('LOTE 1 MATERIALES Y REACTIVOS'!C25="","",'LOTE 1 MATERIALES Y REACTIVOS'!C25) -> QUIMITRONICA SAS | E28: =IF('LOTE 1 MATERIALES Y REACTIVOS'!F25="","",'LOTE 1 MATERIALES Y REACTIVOS'!F25) -> 26601736 | H28: =IFERROR(IF($H$9="Absoluta",E28/$H$17-1,E28/$H$15-1),"") -> 0.291182
B29: =IF('LOTE 1 MATERIALES Y REACTIVOS'!B26="","",'LOTE 1 MATERIALES Y REACTIVOS'!B26) | C29: =IF('LOTE 1 MATERIALES Y REACTIVOS'!C26="","",'LOTE 1 MATERIALES Y REACTIVOS'!C26) | E29: =IF('LOTE 1 MATERIALES Y REACTIVOS'!F26="","",'LOTE 1 MATERIALES Y REACTIVOS'!F26) | H29: =IFERROR(IF($H$9="Absoluta",E29/$H$17-1,E29/$H$15-1),"")
B30: =IF('LOTE 1 MATERIALES Y REACTIVOS'!B27="","",'LOTE 1 MATERIALES Y REACTIVOS'!B27) | C30: =IF('LOTE 1 MATERIALES Y REACTIVOS'!C27="","",'LOTE 1 MATERIALES Y REACTIVOS'!C27) | E30: =IF('LOTE 1 MATERIALES Y REACTIVOS'!F27="","",'LOTE 1 MATERIALES Y REACTIVOS'!F27) | H30: =IFERROR(IF($H$9="Absoluta",E30/$H$17-1,E30/$H$15-1),"")
B31: =IF('LOTE 1 MATERIALES Y REACTIVOS'!B28="","",'LOTE 1 MATERIALES Y REACTIVOS'!B28) | C31: =IF('LOTE 1 MATERIALES Y REACTIVOS'!C28="","",'LOTE 1 MATERIALES Y REACTIVOS'!C28) | E31: =IF('LOTE 1 MATERIALES Y REACTIVOS'!F28="","",'LOTE 1 MATERIALES Y REACTIVOS'!F28) | H31: =IFERROR(IF($H$9="Absoluta",E31/$H$17-1,E31/$H$15-1),"")
B32: =IF('LOTE 1 MATERIALES Y REACTIVOS'!B29="","",'LOTE 1 MATERIALES Y REACTIVOS'!B29) | C32: =IF('LOTE 1 MATERIALES Y REACTIVOS'!C29="","",'LOTE 1 MATERIALES Y REACTIVOS'!C29) | E32: =IF('LOTE 1 MATERIALES Y REACTIVOS'!F29="","",'LOTE 1 MATERIALES Y REACTIVOS'!F29) | H32: =IFERROR(IF($H$9="Absoluta",E32/$H$17-1,E32/$H$15-1),"")
B33: =IF('LOTE 1 MATERIALES Y REACTIVOS'!B30="","",'LOTE 1 MATERIALES Y REACTIVOS'!B30) | C33: =IF('LOTE 1 MATERIALES Y REACTIVOS'!C30="","",'LOTE 1 MATERIALES Y REACTIVOS'!C30) | E33: =IF('LOTE 1 MATERIALES Y REACTIVOS'!F30="","",'LOTE 1 MATERIALES Y REACTIVOS'!F30) | H33: =IFERROR(IF($H$9="Absoluta",E33/$H$17-1,E33/$H$15-1),"")
B34: =IF('LOTE 1 MATERIALES Y REACTIVOS'!B31="","",'LOTE 1 MATERIALES Y REACTIVOS'!B31) | C34: =IF('LOTE 1 MATERIALES Y REACTIVOS'!C31="","",'LOTE 1 MATERIALES Y REACTIVOS'!C31) | E34: =IF('LOTE 1 MATERIALES Y REACTIVOS'!F31="","",'LOTE 1 MATERIALES Y REACTIVOS'!F31) | H34: =IFERROR(IF($H$9="Absoluta",E34/$H$17-1,E34/$H$15-1),"")
B35: =IF('LOTE 1 MATERIALES Y REACTIVOS'!B32="","",'LOTE 1 MATERIALES Y REACTIVOS'!B32) | C35: =IF('LOTE 1 MATERIALES Y REACTIVOS'!C32="","",'LOTE 1 MATERIALES Y REACTIVOS'!C32) | E35: =IF('LOTE 1 MATERIALES Y REACTIVOS'!F32="","",'LOTE 1 MATERIALES Y REACTIVOS'!F32) | H35: =IFERROR(IF($H$9="Absoluta",E35/$H$17-1,E35/$H$15-1),"")
B36: =IF('LOTE 1 MATERIALES Y REACTIVOS'!B33="","",'LOTE 1 MATERIALES Y REACTIVOS'!B33) | C36: =IF('LOTE 1 MATERIALES Y REACTIVOS'!C33="","",'LOTE 1 MATERIALES Y REACTIVOS'!C33) | E36: =IF('LOTE 1 MATERIALES Y REACTIVOS'!F33="","",'LOTE 1 MATERIALES Y REACTIVOS'!F33) | H36: =IFERROR(IF($H$9="Absoluta",E36/$H$17-1,E36/$H$15-1),"")
B37: =IF('LOTE 1 MATERIALES Y REACTIVOS'!B34="","",'LOTE 1 MATERIALES Y REACTIVOS'!B34) | C37: =IF('LOTE 1 MATERIALES Y REACTIVOS'!C34="","",'LOTE 1 MATERIALES Y REACTIVOS'!C34) | E37: =IF('LOTE 1 MATERIALES Y REACTIVOS'!F34="","",'LOTE 1 MATERIALES Y REACTIVOS'!F34) | H37: =IFERROR(IF($H$9="Absoluta",E37/$H$17-1,E37/$H$15-1),"")
... B72: =IF('LOTE 1 MATERIALES Y REACTIVOS'!B69="","",'LOTE 1 MATERIALES Y REACTIVOS'!B69) | C72: =IF('LOTE 1 MATERIALES Y REACTIVOS'!C69="","",'LOTE 1 MATERIALES Y REACTIVOS'!C69) | E72: =IF('LOTE 1 MATERIALES Y REACTIVOS'!F69="","",'LOTE 1 MATERIALES Y REACTIVOS'!F69) | H72: =IFERROR(IF($H$9="Absoluta",E72/$H$17-1,E72/$H$15-1),"")

Sheet AVANTIKA 
A9: FORMATO OFERTA ECONÓMICA LOTE 1.
A10: 8-9302-789 Contratar la compra de materiales y reactivos para el laboratorio de alimentos y bebidas del Centro de Comercio y Servicios de la Regional Atlántico del SENA aprobado en plan de acción PA_LABORATORIO_2025_308_32 para la vigencia 2026. | L10: PROMEDIO ENTIDAD | N10: RESULTADO | O10: Análisis de precios artificialmente bajos
A11: ITEM | B11: CODIGO UNSPSC | C11: NOMBRE DEL ELEMENTO | D11: DESCRIPCION DETALLADA | E11: FOTO DE REREFERNCIA | F11: UNIDAD DE MEDIDA | G11: CANTIDAD | H11: VALOR UNITARIO | I11: VALOR TOTAL | J11: IVA | K11: VALOR TOTAL INCLUIDO IMPUESTO | L11: Valor unitario PROMEDIO | M11: TOTAL PROMEDIO INCLUIDO IVA | N11: CUMPLE/NO CUMPLE | O11: DIFERENCIA | P11: DESCUENTO
A12: 1 | B12: 12161500 | C12: ETER DE PETROLEO GRADO REACTIVO X4L | D12: ETER DE PETROLEO REACTIVO x 4L, Concentración: entre 95% -99 % Presentación: 4 L Fecha de vencimiento: No menor a 2 años Debe incluir Certificado de análisis, Ficha de seguridad impreso | E12: #VALUE! | F12: Unidad | G12: 1 | H12: 236400 | I12: =Tabla15[[#This Row],[VALOR UNITARIO]]*Tabla15[[#This Row],[CANTIDAD]] -> 236400 | J12: =Tabla15[[#This Row],[VALOR TOTAL]]*0.19 -> 44916 | K12: =Tabla15[[#This Row],[VALOR TOTAL]]+Tabla15[[#This Row],[IVA]] -> 281316 | L12: 580075 | M12: 690289.25 | N12: =+IF(K12<=M12,"CUMPLE","NO CUMPLE") -> CUMPLE | O12: =M12-K12 -> 408973.25 | P12: =+O12/M12 -> 0.59246649
A13: 2 | B13: 41121700 | C13: Condensador de reflujo | D13: Condensador de reflujo, en vidrio esmerilado 29/32, serpentina larga conforme a ISO o ASTM. Con mangeras para las conecciones | E13: #VALUE! | F13: Unidad | G13: 2 | H13: 206600 | I13: =Tabla15[[#This Row],[VALOR UNITARIO]]*Tabla15[[#This Row],[CANTIDAD]] -> 413200 | J13: =Tabla15[[#This Row],[VALOR TOTAL]]*0.19 -> 78508 | K13: =Tabla15[[#This Row],[VALOR TOTAL]]+Tabla15[[#This Row],[IVA]] -> 491708 | L13: 313375 | M13: 745832.5 | N13: =+IF(K13<=M13,"CUMPLE","NO CUMPLE") -> CUMPLE | O13: =M13-K13 -> 254124.5 | P13: =+O13/M13 -> 0.34072597
A14: 3 | B14: 41121500 | C14: Balon fondo plano boca esmiralada 250mL | D14: Balon fondo plano boca esmiralada 29/32 de 250 mL | E14: #VALUE! | F14: Unidad | G14: 2 | H14: 61300 | I14: =Tabla15[[#This Row],[VALOR UNITARIO]]*Tabla15[[#This Row],[CANTIDAD]] -> 122600 | J14: =Tabla15[[#This Row],[VALOR TOTAL]]*0.19 -> 23294 | K14: =Tabla15[[#This Row],[VALOR TOTAL]]+Tabla15[[#This Row],[IVA]] -> 145894 | L14: 100025 | M14: 238059.5 | N14: =+IF(K14<=M14,"CUMPLE","NO CUMPLE") -> CUMPLE | O14: =M14-K14 -> 92165.5 | P14: =+O14/M14 -> 0.38715321
A15: 4 | B15: 41121800 | C15: CRISOLES EN PORCELANA FORMA MEDIANA SIN TAPA 2/45 | D15: CRISOLES EN PORCELANA FORMA MEDIANA SIN TAPA. Diámetro exterior superior (mm): 45 x 36 mm. Capacidad (mL): 30 (2/45) | E15: #VALUE! | F15: Unidad | G15: 10 | H15: 21900 | I15: =Tabla15[[#This Row],[VALOR UNITARIO]]*Tabla15[[#This Row],[CANTIDAD]] -> 219000 | J15: =Tabla15[[#This Row],[VALOR TOTAL]]*0.19 -> 41610 | K15: =Tabla15[[#This Row],[VALOR TOTAL]]+Tabla15[[#This Row],[IVA]] -> 260610 | L15: 39200 | M15: 466480 | N15: =+IF(K15<=M15,"CUMPLE","NO CUMPLE") -> CUMPLE | O15: =M15-K15 -> 205870 | P15: =+O15/M15 -> 0.44132653
A16: 5 | B16: 41121800 | C16: Beaker de 600 mL | D16: Beaker de 600 mL | E16: #VALUE! | F16: Unidad | G16: 6 | H16: 21300 | I16: =Tabla15[[#This Row],[VALOR UNITARIO]]*Tabla15[[#This Row],[CANTIDAD]] -> 127800 | J16: =Tabla15[[#This Row],[VALOR TOTAL]]*0.19 -> 24282 | K16: =Tabla15[[#This Row],[VALOR TOTAL]]+Tabla15[[#This Row],[IVA]] -> 152082 | L16: 34000 | M16: 242760 | N16: =+IF(K16<=M16,"CUMPLE","NO CUMPLE") -> CUMPLE | O16: =M16-K16 -> 90678 | P16: =+O16/M16 -> 0.37352941
A17: 6 | B17: 41121500 | C17: pipeta pasteur desechable 5 mL caja por 500 | D17: pipeta pasteur desechable 5 mL caja por 500 | E17: #VALUE! | F17: Unidad | G17: 1 | H17: 185600 | I17: =Tabla15[[#This Row],[VALOR UNITARIO]]*Tabla15[[#This Row],[CANTIDAD]] -> 185600 | J17: =Tabla15[[#This Row],[VALOR TOTAL]]*0.19 -> 35264 | K17: =Tabla15[[#This Row],[VALOR TOTAL]]+Tabla15[[#This Row],[IVA]] -> 220864 | L17: 295325 | M17: 530829.25 | N17: =+IF(K17<=M17,"CUMPLE","NO CUMPLE") -> CUMPLE | O17: =M17-K17 -> 309965.25 | P17: =+O17/M17 -> 0.58392647
A18: 7 | B18: 47131700 | C18: Jabon neutro frasco X5L | D18: Jabon neutro frasco X5L | E18: #VALUE! | F18: Unidad | G18: 3 | H18: 68000 | I18: =Tabla15[[#This Row],[VALOR UNITARIO]]*Tabla15[[#This Row],[CANTIDAD]] -> 204000 | J18: =Tabla15[[#This Row],[VALOR TOTAL]]*0.19 -> 38760 | K18: =Tabla15[[#This Row],[VALOR TOTAL]]+Tabla15[[#This Row],[IVA]] -> 242760 | L18: 194800 | M18: 695436 | N18: =+IF(K18<=M18,"CUMPLE","NO CUMPLE") -> CUMPLE | O18: =M18-K18 -> 452676 | P18: =+O18/M18 -> 0.65092402
A19: 8 | B19: 42295451 | C19: Guantes de nitrilo talla (M y L) xcaja | D19: Guantes de nitrilo talla (M y L) xcaja | E19: #VALUE! | F19: Unidad | G19: 8 | H19: 17300 | I19: =Tabla15[[#This Row],[VALOR UNITARIO]]*Tabla15[[#This Row],[CANTIDAD]] -> 138400 | J19: =Tabla15[[#This Row],[VALOR TOTAL]]*0.19 -> 26296 | K19: =Tabla15[[#This Row],[VALOR TOTAL]]+Tabla15[[#This Row],[IVA]] -> 164696 | L19: 36150 | M19: 344148 | N19: =+IF(K19<=M19,"CUMPLE","NO CUMPLE") -> CUMPLE | O19: =M19-K19 -> 179452 | P19: =+O19/M19 -> 0.52143845
A20: 9 | B20: 12161500 | C20: ETANOL HPLC X4L | D20: ETANOL HPLC x 4L, Concentración: entre 95% -99 % Presentación: 4 L Fecha de vencimiento: No menor a 2 años Debe incluir Certificado de análisis, Ficha de seguridad impreso | E20: #VALUE! | F20: Unidad | G20: 1 | H20: 1246000 | I20: =Tabla15[[#This Row],[VALOR UNITARIO]]*Tabla15[[#This Row],[CANTIDAD]] -> 1246000 | J20: =Tabla15[[#This Row],[VALOR TOTAL]]*0.19 -> 236740 | K20: =Tabla15[[#This Row],[VALOR TOTAL]]+Tabla15[[#This Row],[IVA]] -> 1482740 | L20: 1746775 | M20: 2078662.2 | N20: =+IF(K20<=M20,"CUMPLE","NO CUMPLE") -> CUMPLE | O20: =M20-K20 -> 595922.25 | P20: =+O20/M20 -> 0.28668546
A21: 10 | B21: 41122400 | C21: CARTUCHO DE PULIDO PARA SISTEMA SMART2PURE 09.1020 | D21: Debe tener su ficha en español, certificado, fecha de vencimiento, trazabilidad de acuerdo a lo descrito en cada elemento datos de seguridad (MSDS o SDS), certificado de calidad (CoA y CoQ), expedientes, folletos y otros documentos disponibles. SMART2PURE 09.1020 CAT#: 1209T89 | E21: #VALUE! | F21: UNIDAD | G21: 1 | H21: 3395500 | I21: =Tabla15[[#This Row],[VALOR UNITARIO]]*Tabla15[[#This Row],[CANTIDAD]] -> 3395500 | J21: =Tabla15[[#This Row],[VALOR TOTAL]]*0.19 -> 645145 | K21: =Tabla15[[#This Row],[VALOR TOTAL]]+Tabla15[[#This Row],[IVA]] -> 4040645 | L21: 6393500 | M21: 7608265 | N21: =+IF(K21<=M21,"CUMPLE","NO CUMPLE") -> CUMPLE | O21: =M21-K21 -> 3567620 | P21: =+O21/M21 -> 0.46891374
A22: 11 | B22: 41122400 | C22: CARTUCHO DE PULIDO PARA SISTEMA SMART2PURE 09.2003 3L/h | D22: Debe tener su ficha en español, certificado, fecha de vencimiento, trazabilidad de acuerdo a lo descrito en cada elemento datos de seguridad (MSDS o SDS), certificado de calidad (CoA y CoQ), expedientes, folletos y otros documentos disponibles. SMART2PURE 09.2003 CAT#: 1209T90 | E22: #VALUE! | F22: UNIDAD | G22: 1 | H22: 2250600 | I22: =Tabla15[[#This Row],[VALOR UNITARIO]]*Tabla15[[#This Row],[CANTIDAD]] -> 2250600 | J22: =Tabla15[[#This Row],[VALOR TOTAL]]*0.19 -> 427614 | K22: =Tabla15[[#This Row],[VALOR TOTAL]]+Tabla15[[#This Row],[IVA]] -> 2678214 | L22: 4198100 | M22: 4995739 | N22: =+IF(K22<=M22,"CUMPLE","NO CUMPLE") -> CUMPLE | O22: =M22-K22 -> 2317525 | P22: =+O22/M22 -> 0.46390034
A23: 12 | B23: 11101522 | C23: Carbon activado GRANULADO Comercial X1Kg | D23: Carbon activado GRANULADO Comercial | E23: #VALUE! | F23: UNIDAD | G23: 3 | H23: 33300 | I23: =Tabla15[[#This Row],[VALOR UNITARIO]]*Tabla15[[#This Row],[CANTIDAD]] -> 99900 | J23: =Tabla15[[#This Row],[VALOR TOTAL]]*0.19 -> 18981 | K23: =Tabla15[[#This Row],[VALOR TOTAL]]+Tabla15[[#This Row],[IVA]] -> 118881 | L23: 47200 | M23: 168504 | N23: =+IF(K23<=M23,"CUMPLE","NO CUMPLE") -> CUMPLE | O23: =M23-K23 -> 49623 | P23: =+O23/M23 -> 0.29449153
... A36: 25 | B36: 12161500 | C36: Hexano grado HPLC X4L | D36: HEXANO ACS Reagent, para HPLC, Espectrofotometria, con especificacion de analisis de USP >99,9% (>60% n-hexano) Frasco x 4L | E36: #VALUE! | F36: UNIDAD | G36: 2 | H36: 842500 | I36: =Tabla15[[#This Row],[VALOR UNITARIO]]*Tabla15[[#This Row],[CANTIDAD]] -> 1685000 | J36: =Tabla15[[#This Row],[VALOR TOTAL]]*0.19 -> 320150 | K36: =Tabla15[[#This Row],[VALOR TOTAL]]+Tabla15[[#This Row],[IVA]] -> 2005150 | L36: 1055850 | M36: 2512923 | N36: =+IF(K36<=M36,"CUMPLE","NO CUMPLE") -> CUMPLE | O36: =M36-K36 -> 507773 | P36: =+O36/M36 -> 0.20206469
H37: =SUM(H12:H36) -> 12846847 | I37: =SUM(I12:I36) -> 16119800 | J37: =Tabla15[[#This Row],[VALOR TOTAL]]*0.19 -> 3062762 | K37: =Tabla15[[#This Row],[VALOR TOTAL]]+Tabla15[[#This Row],[IVA]] -> 19182562 | M37: =SUM(M12:M36) -> 31589829
A38: IVAN ALBERTO ANTEQUERA CASTRO REPRESENTANTE LEGAL C.C: 8.533.510 DE BARRANQUILLA
